 Dungeon Crawl Stone Soup version 0.20-a0-909-g1a4ba80 (webtiles) character file.

457 BrendanD the Slasher (level 6, -15/51 HPs)
             Began as a Demonspawn Berserker on Mar 22, 2017.
             Was a Priest of Trog.
             Killed by divine providence
             ... invoked by an orc priest
              (18 damage)
             ... on level 5 of the Dungeon.
             The game lasted 00:07:52 (4092 turns).

BrendanD the Slasher (Demonspawn Berserker)         Turns: 4092, Time: 00:07:52

Health: -15/51     AC:  5    Str: 18    XL:     6   Next: 77%
Magic:  6/6        EV: 12    Int:  8    God:    Trog [***...]
Gold:   227        SH:  0    Dex: 14    Spells: 5/5 levels left

rFire    . . .     SeeInvis .   a - +0 falchion
rCold    . . .     Gourm    .   b - +0 animal skin
rNeg     . . .     Faith    .   (no shield)
rPois    .         Spirit   .   (no helmet)
rElec    .         Reflect  .   (no cloak)
rCorr    .         Harm     +   (no gloves)
MR       .....                  h - +0 pair of boots (curse)
Stlth    +.........             y - amulet of harm
Regen    0.2/turn               (no ring)
MPRegen  0.1/turn               j - ring of flight

@: no status effects
A: iridescent scales 1, demonic guardian 1
a: Berserk, Trog's Hand, Burn Spellbooks, Renounce Religion, Evoke Flight


You were on level 5 of the Dungeon.
You worshipped Trog.
Trog was most pleased with you.
You were not hungry.

You visited 1 branch of the dungeon, and saw 5 of its levels.

You collected 227 gold pieces.

Inventory:

Hand Weapons
 a - a +0 falchion (weapon)
Missiles
 e - a throwing net (quivered) {!f}
Armour
 b - a +0 animal skin (worn)
 h - a cursed +0 pair of boots (worn)
 z - the +2 shield of Limited Liability {*Slow rElec rC+ MR+++}
   (You found it on level 4 of the Dungeon)

   It protects you from cold.
   It insulates you from electricity.
   It affects your resistance to hostile enchantments.
   It may slow you when you take damage.
Jewellery
 j - a ring of flight (left hand)
 y - an amulet of harm (around neck)
Wands
 n - a wand of enslavement (13/24)
 x - a wand of lightning (6/15)
Scrolls
 d - 2 scrolls of recharging {unknown}
 g - a scroll of immolation {unknown}
 k - a scroll of enchant armour {unknown}
 m - 2 scrolls of amnesia {unknown}
 q - 4 scrolls of identify {@r1}
 s - a scroll of fog {unknown}
 t - a scroll of blinking {unknown}
 v - a scroll of random uselessness {unknown}
Potions
 f - 2 potions of ambrosia {unknown}
 i - 3 potions of degeneration {unknown}
 l - a potion of resistance {unknown}
 o - a potion of curing {unknown}
 r - a potion of agility {unknown}
 u - a potion of might {unknown}
 w - a potion of heal wounds {unknown}
Comestibles
 c - a bread ration
 p - a royal jelly
 A - a chunk of flesh
 B - a meat ration


   Skills:
 + Level 5.1 Fighting
 * Level 5.9 Long Blades
 - Level 1.7 Armour
 - Level 1.7 Dodging


You had 5 spell levels left.
You didn't know any spells.

Dungeon Overview and Level Annotations

Branches:
Dungeon (5/15)             Temple (0/1) D:4

Altars:
Dithmenos
Okawaru


Innate Abilities, Weirdness & Mutations

You are partially covered in iridescent scales. (AC +2)
A weak demonic guardian rushes to your aid.


Message History

Your shadow imp gestures at the quokka.
The quokka writhes in agony!
The quokka dies!
Trog accepts your kill.
The bullfrog zombie hits your shadow imp.
Your shadow imp dies!
Your white imp hits the bullfrog zombie.
Your white imp freezes the bullfrog zombie.
The bullfrog zombie completely resists.
You hit the bullfrog zombie. The bullfrog zombie closely misses you.
The bullfrog zombie hits you but does no damage.
You hit the bullfrog zombie. The bullfrog zombie barely misses you.
Your shadow imp hits the bullfrog zombie.
You slash the bullfrog zombie!
Your white imp disappears in a puff of smoke!
The bullfrog zombie hits you.
* * * LOW HITPOINT WARNING * * *
The orc priest calls down the wrath of Beogh upon you.
Beogh smites you!
You die...

####### ......# ......#
......#
##############......# ##
#....5Zo.ooo.†)o....#
...##...§@########o.)...#
#........# .....!#
####.....# ......#
#####...#.### .......
#.....##..# ######. .
###....## .. ###.####
..#.##.<.# #........##


You could see 2 orc priests, 2 orcs, a bullfrog zombie and a friendly shadow
imp.

Vanquished Creatures
  An ogre (D:4)
  2 hounds
  An orc wizard (D:4)
  4 worker ants
  A killer bee zombie (D:4)
  A hound skeleton (D:4)
  6 adders
  An ooze (D:1)
  4 worms
  3 dart slugs
  A leopard gecko (D:4)
  2 orcs (D:4)
  6 bats
  2 giant cockroaches (D:3)
  8 goblins
  3 hobgoblins (D:1)
  11 jackals
  10 kobolds
  2 quokkas
  4 ball pythons
  8 frilled lizards
  A quokka skeleton (D:5)
  10 rats
92 creatures vanquished.

Vanquished Creatures (collateral kills)
  An orc (D:5)
  A quokka (D:5)
2 creatures vanquished.

Grand Total: 94 creatures vanquished

Notes
Turn   | Place    | Note
-------+----------+-------------------------------------------
     0 | D:1      | BrendanD the Demonspawn Berserker began the quest for the Orb.
     0 | D:1      | Reached XP level 1. HP: 18/18 MP: 1/1
   224 | D:1      | Gained mutation: You are partially covered in iridescent scales. (AC +2) [demonic ancestry]
   224 | D:1      | Reached XP level 2. HP: 15/24 MP: 2/2
  1007 | D:1      | Reached ** piety under Trog
  1021 | D:1      | Reached XP level 3. HP: 29/29 MP: 3/3
  1577 | D:2      | Reached XP level 4. HP: 31/37 MP: 4/4
  1850 | D:2      | Found an iron altar of Okawaru.
  2253 | D:3      | Reached *** piety under Trog
  2853 | D:4      | Reached XP level 5. HP: 32/42 MP: 5/5
  2963 | D:4      | Found a shadowy altar of Dithmenos.
  2973 | D:4      | Noticed an ogre
  2987 | D:4      | Killed an ogre
  2987 | D:4      | Reached skill level 5 in Long Blades
  2987 | D:4      | Gained mutation: A weak demonic guardian rushes to your aid. [demonic ancestry]
  2987 | D:4      | Reached XP level 6. HP: 21/49 MP: 6/6
  3337 | D:4      | Got a spiked shield
  3338 | D:4      | Identified the +2 shield of Limited Liability {*Slow rElec rC+ MR+++} (You found it on level 4 of the Dungeon)
  3404 | D:4      | Found a staircase to the Ecumenical Temple.
  3810 | D:4      | Reached skill level 5 in Fighting
  4036 | D:5      | Entered Level 5 of the Dungeon
  4092 | D:5      | Killed from afar by an orc priest

Vault maps used:
D:1:      dpeg_cavernosity
D:2:      okawaru_gym_becter
D:4:      minmay_temple_entry_trees, kennysheep_minor_cross,
          nicolae_dithmenos_shadow_blocks
D:5:      first_bread

Skill      XL: |  1  2  3  4  5  6 |
---------------+-------------------+-----
Long Blades    | 3 4 5 |  5.9
Fighting       | 4 5 |  5.1
Armour         | |  1.7
Dodging        | |  1.7

Action                   |  1- 3 |  4- 6 || total
-------------------------+-------+-------++-------
Melee: Falchion          |   110 |   178 ||   288
Invok: Berserk           |       |     1 ||     1
  Use: Scroll            |       |     2 ||     2
 Stab: Sleeping          |     1 |       ||     1
  Eat: Chunk             |     2 |     7 ||     9
       Royal jelly       |       |     1 ||     1
Armor: Animal skin       |    42 |    50 ||    92
Dodge: Dodged            |    83 |   131 ||   214
       Rpst.: Falchion   |    26 |    45 ||    71
